 Dungeon Crawl Stone Soup version 0.25.0-9-g26727b657a (webtiles) character file.

Game seed: 7781816698003193605

15731 lepoulpe303 the Demolition Dwarf (level 12, -3/110 HPs)
             Began as a Deep Dwarf Fighter on June 16, 2020.
             Was an Elder of Makhleb.
             Slain by a death scarab (6 damage)
             ... summoned by a glowing orange brain
             ... in a Gauntlet.
             The game lasted 00:59:15 (10772 turns).

lepoulpe303 the Demolition Dwarf (DDFi)            Turns: 10772, Time: 00:59:16

Health: -3/110     AC: 21    Str: 23      XL:     12   Next: 3%
Magic:  13/13      EV:  6    Int:  4 (9)  God:    Makhleb [****..]
Gold:   511        SH:  0    Dex: 14      Spells: 11/11 levels left

rFire    + + .     SeeInvis .   c - +2 war axe (flame)
rCold    + . .     Gourm    .   g - +0 kite shield
rNeg     . . .     Faith    .   O - +0 plate armour
rPois    .         Spirit   .   (helmet restricted)
rElec    .         Reflect  .   T - scarf {rC+ rF+}
rCorr    +         Harm     .   A - +2 pair of gloves
MR       +....     NoTele   +   (no boots)
Stlth    ..........             (no amulet)
HPRegen  0.00/turn              F - ring of protection from fire
MPRegen  0.13/turn              I - ring of resist corrosion

@: confused, non-regenerating, slowed, very slow
A: damage resistance, heal wounds, beak, icy blue scales 1, molten scales 1, low
mp 1, sense surroundings 2, evolution 1, no regeneration
a: Heal Wounds, Minor Destruction, Lesser Servant of Makhleb, Major Destruction,
Renounce Religion


You were in a Gauntlet.
You worshipped Makhleb.
Makhleb was greatly pleased with you.
You were not hungry.

You visited 3 branches of the dungeon, and saw 13 of its levels.
You also visited: Sewer and Gauntlet.

You collected 691 gold pieces.
You spent 180 gold pieces at shops.

Inventory:

Hand Weapons
 a - a +2 war axe of venom
 b - the +5 war axe of Kindness {protect, MR+}
   (You found it in a Gauntlet)

   It grants its wielder temporary protection when it strikes (+7 to AC).
   It affects your resistance to hostile enchantments.
 c - a +2 war axe of flaming (weapon)
Missiles
 k - 47 poisoned darts
 E - 6 boomerangs (quivered)
 W - 2 atropa-tipped darts
Armour
 g - a +0 kite shield (worn)
 z - a +3 ring mail of fire resistance {rF+}
 A - a +2 pair of gloves (worn)
 N - +0 steam dragon scales
 O - a +0 plate armour (worn)
 T - a scarf of resistance (worn)
Jewellery
 C - an uncursed ring of protection from magic
 F - a ring of protection from fire (left hand)
 I - a ring of resist corrosion (right hand)
 M - an uncursed ring of protection from magic
 Y - a +6 ring of intelligence
Wands
 p - a wand of acid (9)
 H - a wand of enslavement (11)
 L - a wand of clouds (4)
 P - a wand of iceblast (7)
 Z - a wand of polymorph (5)
Scrolls
 f - 2 scrolls of fog
 i - 2 scrolls of identify
 j - 4 scrolls of immolation {!r}
 n - a scroll of holy word {unknown}
 o - a scroll of noise {unknown}
 s - 2 scrolls of magic mapping {!r}
 t - 2 scrolls of teleportation
 u - 3 scrolls of enchant weapon
 w - a scroll of remove curse
 y - 2 scrolls of enchant armour
 K - a scroll of fear {unknown}
 R - a scroll of summoning
 X - a scroll of blinking {unknown}
Potions
 d - a potion of might
 h - 6 potions of haste
 l - 4 potions of heal wounds
 q - a potion of curing
 r - 2 potions of flight
 v - a potion of resistance {unknown}
 x - a potion of magic
 B - a potion of mutation {!q}
 D - a potion of brilliance {unknown}
 J - 2 potions of stabbing
 S - 2 potions of lignification {!q}
 U - a potion of ambrosia
 V - a potion of invisibility
Comestibles
 e - 22 rations


   Skills:
 + Level 7.7 Fighting
 * Level 12.0 Axes
 + Level 9.2 Armour
 + Level 9.2 Shields
 * Level 12.1 Invocations


You had 11 spell levels left.
You didn't know any spells.
Your spell library contained the following spells:

 Spells                   Type           Power        Failure   Level  Hunger
 Animate Skeleton         Necr           N/A          100%        1    ##.....
 Apportation              Tloc           #.....       100%        1    ##.....
 Corona                   Hex            #......      100%        1    ##.....
 Magic Dart               Conj           #...         100%        1    ##.....
 Summon Small Mammal      Summ           #...         100%        1    ##.....
 Blink                    Tloc           N/A          100%        2    ###....
 Call Imp                 Summ           #.......     100%        2    ###....
 Ensorcelled Hibernation  Hex/Ice        #.....       100%        2    ###....
 Searing Ray              Conj           #.....       100%        2    ###....
 Slow                     Hex            #.......     100%        2    ###....
 Confusing Touch          Hex            #.......     100%        3    ####...
 Conjure Flame            Conj/Fire      #.......     100%        3    ####...
 Dazzling Flash           Conj/Hex       #.....       100%        3    ####...
 Gell's Gravitas          Tloc           #.........   100%        3    ####...
 Mephitic Cloud           Conj/Pois/Air  #.......     100%        3    ####...
 Tukima's Dance           Hex            #.......     100%        3    ####...
 Fulminant Prism          Conj/Hex       #.........   100%        4    #####..
 Iskenderun's Mystic Bla  Conj/Tloc      #.......     100%        4    #####..
 Petrify                  Tmut/Erth      #.......     100%        4    #####..
 Metabolic Englaciation   Hex/Ice        #.........   100%        5    ######.
 Yara's Violent Unravell  Hex/Tmut       #.........   100%        5    ######.


Dungeon Overview and Level Annotations

Branches:
Dungeon (10/15)            Temple (1/1) D:5            Lair (2/6) D:10
  Snake (0/4) Lair:2          Orc (0/2) D:10          Sewer (visited)
Gauntlet (1/1)
  Swamp: Lair:2-4    Shoals: Lair:2-4

Altars:
Ashenzari
Cheibriados
Dithmenos
Elyvilon
Fedhas
Gozag
Hepliaklqana
Kikubaaqudgha
Makhleb
Nemelex Xobeh
Okawaru
Qazlal
Ru
Sif Muna
Trog
Uskayaw
Vehumet
Wu Jian
Xom
Yredelemnul
Zin
The Shining One

Shops:
D:9 [*[

Annotations:
D:8 3 runed translucent doors, windycow's ghost, novice GrFi Gauntlet 21 runed translucent doors, 9 transporters


Innate Abilities, Weirdness & Mutations

You are resistant to damage.
You can heal yourself by infusing magical energy.
You passively map the area around you.
You do not regenerate.
You have a beak for a mouth.
You are partially covered in icy blue scales. (AC +2)
You are partially covered in molten scales. (AC +2)
Your magical capacity is low. (-10% MP)
You evolve.


Message History

MASSIVE DAMAGE!!
You slash the death scarab! You burn the death scarab.
You miss the death scarab. You miss the golden eye. The death scarab bites you.
* * * LOW HITPOINT WARNING * * *
The death scarab drains your vigour!
You feel as though you will be slow longer.
The death scarab draws strength from your injuries!
The death scarab bites you!
* * * LOW HITPOINT WARNING * * *
The death scarab drains your vigour!
You feel as though you will be slow longer.
The death scarab draws strength from your injuries!
The death scarab bites you but does no damage.
The death scarab bites you!
* * * LOW HITPOINT WARNING * * *
The death scarab drains your vigour!
You feel as though you will be slow longer.
The death scarab draws strength from your injuries!
The death scarab closely misses you. The death scarab bites you!
You die...

.#...≈8≈...#...#.8...###
.#....≈....#.©.#.....#
#####...###########..###
#..##...#.........#..#8#
.####...#.#....G#.#..###
##uG#...#..#####G.#..#
....#...#..##.##.§#..###
#####...#....©.sGs#..#8#
#..##...#..##.##@s#..###
#..##...#..#####s.#..#
#:#.#...#.#.....#s#..###
!#.##...#..[.©[?..#..#8#
#####...###########..###
.#....≈....#.©.#.....#
.#...≈8§...#...#.8...###
.#....§....#.©.#.....#8#
#####...###########..###


You could see a glowing orange brain, 5 death scarabs and 2 golden eyes.

Levels and vault maps discovered:
D:1:      dpeg_arrival_more_subterranean_lakeside_camping, layout_basic
D:2:      layout_basic, lemuel_coloured_pillars_altar
D:3:      layout_loops_ring
D:4:      layout_basic, nicolae_overflow_crystal_walls, nemelex_altar_shiori,
          first_ration, uniq_blork_the_orc
D:5:      layout_loops_ring, marbit_many_paths, kennysheep_little_box,
          kennysheep_mini, minmay_temple_entry_offerings, lemuel_flamethrower_2
D:6:      layout_basic, portal_sewer_entry_e
D:7:      layout_rooms
D:8:      layout_loops_corners, gammafunk_ghost_nasty_kobolds,
          hangedman_pestilent_swarm, uniq_maggie
D:9:      layout_loops_ring, serial_shops, shop, nicolae_shop_waterfront, shop,
          grunt_decor_mini_mirrors
D:10:     layout_loops_corners, erik_lair_orcish_takeover,
          kennysheep_orc_monster_closet_entryway, uniq_josephine, uniq_erica
Temple:   regret_index_temple_sphere_string
Lair:1:   layout_misc_corridors, basic_altar, grunt_megastairs_4,
          infiniplex_staircase_pool_2, serial_bayou_shore_a, uniq_joseph
Lair:2:   layout_roguey, minmay_snake_entry_guardpost_medium,
          gauntlet_entry_generic
Gauntlet: gammafunk_gauntlet_hard_choice
          [minmay_gauntlet_arena_make_your_own_arena,
          gammafunk_gauntlet_arena_grid, gammafunk_gauntlet_arena_mazey,
          nicolae_gauntlet_arena_blocks, gammafunk_gauntlet_arena_teeth,
          gammafunk_gauntlet_arena_split_diamond, gauntlet_exit_hidden_loot]

Notes
Turn   | Place    | Note
-------+----------+-------------------------------------------
     0 | D:1      | lepoulpe303 the Deep Dwarf Fighter began the quest for the
                  | Orb.
     0 | D:1      | Reached XP level 1. HP: 20/20 MP: 1/1
     8 | D:1      | Identified a +0 short sword
    10 | D:1      | Identified a +0 club
   112 | D:1      | Identified a +0 chain mail (You found it on level 1 of the
                  | Dungeon)
   133 | D:1      | Identified a +0 dagger
   210 | D:1      | Reached XP level 2. HP: 16/27 MP: 2/2
   428 | D:1      | Identified a +0 whip
   545 | D:1      | Identified a +0 short sword
   547 | D:1      | Identified a +0 club
   608 | D:1      | Identified a +0 dagger
   678 | D:1      | Identified a +0 club
   707 | D:1      | Reached skill level 3 in Axes
  1086 | D:2      | Reached skill level 3 in Fighting
  1086 | D:2      | Reached XP level 3. HP: 20/34 MP: 3/3
  1197 | D:2      | Identified a +0 club
  1309 | D:2      | Found a shadowy altar of Dithmenos.
  1494 | D:2      | Identified a +2 whip of flaming
  1494 | D:2      | Identified a +0 dagger
  1807 | D:2      | You fall into a shaft and drop 1 floor!
  1808 | D:3      | Identified a cursed -2 club
  1814 | D:3      | Identified a +0 dagger
  1850 | D:3      | Reached XP level 4. HP: 22/42 MP: 4/4
  1870 | D:3      | Identified a cursed +0 whip
  1907 | D:3      | Identified a +0 dagger
  2153 | D:3      | Identified a +0 dagger
  2172 | D:3      | Identified a +0 falchion of electrocution
  2172 | D:3      | Identified a +0 leather armour
  2515 | D:3      | Identified a +0 club
  2531 | D:3      | Reached skill level 4 in Shields
  2532 | D:3      | Reached skill level 4 in Armour
  2594 | D:3      | Identified a +0 pair of gloves (You found it on level 3 of
                  | the Dungeon)
  2594 | D:3      | Identified 3 scrolls of enchant armour
  2595 | D:3      | Identified 3 scrolls of immolation
  2596 | D:3      | Identified 2 scrolls of identify
  2596 | D:3      | Identified 2 potions of mutation
  2702 | D:4      | Identified a +0 giant club
  2702 | D:4      | Noticed an ogre
  2703 | D:4      | HP: 5/42 [ogre/+0 giant club (11)]
  2711 | D:4      | HP: 5/42 [ogre/+0 giant club (11)]
  2713 | D:4      | Killed an ogre
  2713 | D:4      | Reached skill level 4 in Axes
  2713 | D:4      | Reached XP level 5. HP: 6/49 MP: 5/5
  2755 | D:4      | Identified a +0 long sword
  2755 | D:4      | Identified a +2 robe of magic resistance
  2755 | D:4      | Noticed Blork the orc
  2772 | D:4      | Killed Blork the orc
  2809 | D:4      | Noticed an ice beast
  2813 | D:4      | Reached XP level 6. HP: 39/56 MP: 6/6
  2823 | D:4      | Killed an ice beast
  2823 | D:4      | Reached skill level 5 in Axes
  2845 | D:4      | Identified a +0 giant club
  2913 | D:4      | Found a stormy altar of Qazlal.
  3041 | D:4      | Reached skill level 4 in Fighting
  3124 | D:4      | Found a sparkling altar of Nemelex Xobeh.
  3223 | D:4      | Identified a +0 trident
  3223 | D:4      | Identified a +0 dagger
  3223 | D:4      | Identified a cursed -1 flail
  3223 | D:4      | Identified a +0 leather armour
  3359 | D:5      | Entered Level 5 of the Dungeon
  3387 | D:5      | Identified a +0 dagger
  3387 | D:5      | Identified a +0 robe
  3391 | D:5      | Identified a +0 short sword
  3393 | D:5      | Identified a +0 club
  3395 | D:5      | Reached XP level 7. HP: 48/64 MP: 7/7
  3469 | D:5      | Found a staircase to the Ecumenical Temple.
  3478 | Temple   | Entered the Ecumenical Temple
  3689 | D:5      | Identified an uncursed ring of protection from magic
  3689 | D:5      | Identified a +0 dagger
  3689 | D:5      | Identified a +0 robe
  3713 | D:5      | Identified a +0 dagger
  3713 | D:5      | Identified a +0 hand axe
  3713 | D:5      | Identified a +0 ring mail
  3739 | D:5      | Found an ornate altar of the Wu Jian Council.
  3740 | D:5      | Identified a +0 flail
  3765 | D:5      | Reached skill level 5 in Shields
  3887 | D:5      | Reached skill level 5 in Armour
  3942 | D:5      | HP: 14/64 [something (4)]
  3952 | D:5      | Reached skill level 6 in Axes
  3954 | D:5      | HP: 16/64 [acid (4)]
  4017 | D:5      | Identified a +0 leather armour
  4020 | D:5      | Identified a +0 club
  4024 | D:5      | Identified a +0 dagger
  4024 | D:5      | Identified a +0 robe
  4258 | D:5      | Found an ancient bone altar of Kikubaaqudgha.
  4402 | D:5      | Found a burning altar of Makhleb.
  4407 | D:5      | Became a worshipper of Makhleb the Destroyer
  4431 | D:5      | Identified a +0 whip
  4431 | D:5      | Identified a +0 leather armour
  4515 | D:6      | Reached skill level 1 in Invocations
  4623 | D:6      | Identified a +0 giant spiked club
  4630 | D:6      | HP: 9/66 [ogre/+0 giant spiked club (24)]
  4635 | D:6      | Reached skill level 2 in Invocations
  4635 | D:6      | Reached XP level 8. HP: 28/73 MP: 7/7
  4723 | D:6      | Reached skill level 3 in Invocations
  4747 | D:6      | Reached skill level 7 in Axes
  4784 | D:6      | Identified a +0 hand axe of flaming (You found it on level
                  | 6 of the Dungeon)
  5020 | D:6      | Identified a +0 battleaxe
  5020 | D:6      | Identified a +0 plate armour
  5022 | D:6      | Identified a cursed -3 flail
  5033 | D:6      | HP: 6/73 [orc warrior/+0 battleaxe (15)]
  5044 | D:6      | HP: 14/73 [orc warrior/+0 battleaxe (22)]
  5086 | D:6      | Found a glowing drain.
  5091 | Sewer    | Entered a sewer
  5092 | Sewer    | Identified a ring of resist corrosion (You found it on
                  | level 6 of the Dungeon)
  5104 | Sewer    | Gained mutation: Your body sometimes deteriorates upon
                  | taking damage. [potion of mutation]
  5104 | Sewer    | Gained mutation: Your body often deteriorates upon taking
                  | damage. [potion of mutation]
  5104 | Sewer    | Gained mutation: You have a beak for a mouth. [potion of
                  | mutation]
  5105 | Sewer    | Lost mutation: Your body often deteriorates upon taking
                  | damage. [potion of mutation]
  5105 | Sewer    | Lost mutation: Your body sometimes deteriorates upon taking
                  | damage. [potion of mutation]
  5105 | Sewer    | Gained mutation: You are partially covered in molten
                  | scales. (AC +2) [potion of mutation]
  5105 | Sewer    | Gained mutation: You are partially covered in icy blue
                  | scales. (AC +2) [potion of mutation]
  5105 | Sewer    | Gained mutation: Your magical capacity is low. (-10% MP)
                  | [potion of mutation]
  5105 | Sewer    | Gained mutation: You evolve. [potion of mutation]
  5150 | Sewer    | Noticed Purgy
  5155 | Sewer    | Killed Purgy
  5155 | Sewer    | Reached skill level 6 in Shields
  5155 | Sewer    | Reached skill level 4 in Invocations
  5186 | Sewer    | Identified a +0 dagger
  5288 | D:6      | Identified a +0 giant club
  5301 | D:6      | Reached * piety under Makhleb
  5301 | D:6      | Reached skill level 5 in Fighting
  5369 | D:6      | Reached skill level 6 in Armour
  5604 | D:7      | Identified a +5 long sword of freezing
  5604 | D:7      | Identified a +0 robe
  5606 | D:7      | Identified a cursed +4 dire flail of freezing
  5606 | D:7      | Identified a +0 robe
  5664 | D:7      | Identified a +0 short sword
  5664 | D:7      | Identified a +0 robe
  5668 | D:7      | Identified a +0 dagger
  5668 | D:7      | Identified a +0 leather armour
  5668 | D:7      | Identified a +0 battleaxe
  5668 | D:7      | Identified a +0 plate armour
  5694 | D:6      | Reached skill level 5 in Invocations
  5751 | D:7      | Identified a +2 falchion
  5751 | D:7      | Identified a +0 robe
  5833 | D:7      | Gained mutation: You passively map the area around you.
                  | [Deep Dwarf growth]
  5833 | D:7      | Reached XP level 9. HP: 47/81 MP: 8/8
  5870 | D:7      | Reached skill level 8 in Axes
  5892 | D:7      | Identified a scarf of resistance (You found it on level 7
                  | of the Dungeon)
  5914 | D:7      | Identified a ring of protection from fire (You found it on
                  | level 7 of the Dungeon)
  5942 | D:7      | Identified a +0 mace
  6038 | D:7      | Identified a +0 shortbow
  6340 | D:8      | HP: 20/81 [black bear (2)]
  6341 | D:8      | Reached skill level 6 in Invocations
  6564 | D:8      | Identified a potion of magic
  6565 | D:8      | Identified 2 potions of heal wounds
  6566 | D:8      | Identified 3 potions of haste
  6567 | D:8      | Identified 2 potions of lignification
  6568 | D:8      | Identified 6 potions of degeneration
  6569 | D:8      | Identified 3 potions of curing
  6570 | D:8      | Identified 2 potions of stabbing
  6571 | D:8      | Identified a potion of berserk rage
  6620 | D:8      | Paralysed by a hornet for 1 turns
  6630 | D:8      | Reached skill level 7 in Invocations
  6632 | D:8      | Paralysed by a hornet for 3 turns
  6986 | D:8      | Found a runed translucent gate.
  6986 | D:8      | Found a runed translucent gate.
  6987 | D:8      | Found a runed translucent gate.
  6987 | D:8      | Identified the +5 whip of the Extremes {venom, rPois Dex+4
                  | Stlth+}
  6987 | D:8      | Identified a +0 short sword
  6987 | D:8      | Identified a +0 whip
  6988 | D:8      | Identified a +2 short sword of pain
  6988 | D:8      | Identified a +0 dagger of distortion
  6988 | D:8      | Identified a +0 dagger
  6990 | D:8      | Noticed windycow's ghost (novice GrFi)
  6991 | D:8      | Identified a +0 dagger
  6991 | D:8      | Identified a +0 dagger of distortion
  7021 | D:8      | Identified a +0 war axe of flaming
  7021 | D:8      | Identified +0 steam dragon scales
  7021 | D:8      | Noticed Maggie
  7047 | D:8      | Killed Maggie
  7047 | D:8      | Reached skill level 9 in Axes
  7047 | D:8      | Reached skill level 7 in Armour
  7047 | D:8      | Reached skill level 7 in Shields
  7191 | D:8      | Identified 3 scrolls of magic mapping
  7192 | D:8      | Identified 3 scrolls of amnesia
  7193 | D:8      | Identified 3 scrolls of teleportation
  7217 | D:9      | Found Kippoef's Armour Emporium.
  7241 | D:9      | Identified a +0 scale mail
  7252 | D:9      | Identified a +0 shortbow
  7318 | D:9      | Identified a +0 dagger
  7318 | D:9      | Identified a +0 leather armour
  7322 | D:9      | Identified a +0 dagger
  7322 | D:9      | Identified a +0 robe
  7325 | D:9      | Identified a +0 ring mail
  7337 | D:9      | Identified a +0 club
  7337 | D:9      | Identified a +0 leather armour
  7351 | D:9      | Reached XP level 10. HP: 49/91 MP: 10/10
  7354 | D:9      | Reached ** piety under Makhleb
  7356 | D:9      | Reached skill level 6 in Fighting
  7356 | D:9      | Reached skill level 8 in Invocations
  7680 | D:9      | Identified a +0 club
  7688 | D:9      | Identified a cursed -1 hunting sling
  7703 | D:9      | Identified a +0 hand axe
  7703 | D:9      | Identified a +0 leather armour
  7703 | D:9      | Identified a +0 chain mail
  7714 | D:9      | Found Widiot's Antique Armour Shoppe.
  7909 | D:9      | Found Luesuumn's General Store.
  7914 | D:9      | Bought 2 scrolls of enchant weapon for 180 gold pieces
  7955 | D:9      | Identified a cursed +2 war axe of venom
  7955 | D:9      | Identified a +0 robe
  7955 | D:9      | Identified a cursed +2 battleaxe
  7955 | D:9      | Identified a cursed +0 robe
  7955 | D:9      | Identified a +0 flail
  7955 | D:9      | Identified a +0 robe
  7959 | D:9      | Identified a cursed +0 dagger
  7959 | D:9      | Identified a +0 robe
  7978 | D:9      | Identified a cursed -3 short sword
  7990 | D:9      | Identified a +0 falchion
  7990 | D:9      | Identified a +0 ring mail
  7997 | D:9      | Identified a +0 trident
  7997 | D:9      | Identified a +0 leather armour
  8018 | D:9      | Identified 2 scrolls of fog
  8019 | D:9      | Identified 2 scrolls of summoning
  8020 | D:9      | Identified 2 scrolls of remove curse
  8145 | D:10     | Entered Level 10 of the Dungeon
  8190 | D:10     | Identified a +3 scimitar of flaming
  8190 | D:10     | Identified a +2 robe of the Archmagi
  8190 | D:10     | Noticed Erica
  8205 | D:10     | Killed Erica
  8205 | D:10     | Reached skill level 10 in Axes
  8205 | D:10     | Reached skill level 9 in Invocations
  8458 | D:10     | Reached *** piety under Makhleb
  8603 | D:10     | Found a staircase to the Orcish Mines.
  8603 | D:10     | Identified a +0 trident
  8603 | D:10     | Identified a +0 scale mail
  8603 | D:10     | Identified a +0 kite shield
  8603 | D:10     | Identified a +0 hand axe
  8603 | D:10     | Identified a +0 short sword
  8603 | D:10     | Identified a +0 chain mail
  8603 | D:10     | Identified a +0 dire flail
  8603 | D:10     | Identified a +0 chain mail
  8603 | D:10     | Identified a +0 short sword
  8603 | D:10     | Identified a +2 dagger of venom
  8603 | D:10     | Identified a +0 war axe
  8603 | D:10     | Identified a +0 leather armour
  8603 | D:10     | Identified a +0 spear
  8603 | D:10     | Identified a +0 scale mail
  8603 | D:10     | Identified a +0 war axe
  8603 | D:10     | Identified a +0 chain mail
  8604 | D:10     | Identified a cursed -3 club
  8604 | D:10     | Identified a +0 ring mail
  8618 | D:10     | Identified a +1 dagger of holy wrath
  8618 | D:10     | Identified a +0 vorpal trident
  8618 | D:10     | Identified a +0 ring mail
  8618 | D:10     | Identified a +0 giant spiked club
  8620 | D:10     | Identified a +0 club
  8620 | D:10     | Identified a +0 leather armour
  8652 | D:10     | Reached skill level 8 in Shields
  8668 | D:10     | Reached skill level 8 in Armour
  8693 | D:10     | Reached skill level 10 in Invocations
  8760 | D:10     | Identified a +0 club
  8760 | D:10     | Identified a +0 leather armour
  8767 | D:10     | Identified a +0 dagger
  8767 | D:10     | Identified a +0 robe
  8767 | D:10     | Identified a +0 hand axe
  8771 | D:10     | Identified a +0 short sword
  8772 | D:10     | Identified a +0 club
  8775 | D:10     | Identified a +0 mace
  8775 | D:10     | Noticed a gargoyle
  8775 | D:10     | Identified a +0 short sword
  8775 | D:10     | Identified a +0 plate armour
  8777 | D:10     | HP: 19/92 [orc priest/divine providence (10)]
  8777 | D:10     | Identified a +0 club
  8781 | D:10     | Reached XP level 11. HP: 27/99 MP: 12/12
  8781 | D:10     | HP: 9/99 [gargoyle/stone arrow (15)]
  8804 | D:10     | HP: 21/99 [gargoyle/stone arrow (16)]
  8818 | D:10     | Identified a +0 dagger
  8818 | D:10     | Identified a +0 robe
  8818 | D:10     | Noticed Josephine
  8848 | D:10     | Found a staircase to the Lair.
  8911 | D:10     | HP: 24/99 [Josephine/vampiric draining (19)]
  8916 | D:10     | Killed Josephine
  8916 | D:10     | Reached skill level 7 in Fighting
  8916 | D:10     | Reached skill level 11 in Axes
  9277 | Lair:1   | Entered Level 1 of the Lair of Beasts
  9280 | Lair:1   | Found a sacrificial altar of Ru.
  9352 | Lair:1   | Reached **** piety under Makhleb
  9400 | Lair:1   | Noticed a seven-headed hydra
  9414 | Lair:1   | Killed a three-headed hydra
  9459 | Lair:1   | Reached skill level 11 in Invocations
  9537 | Lair:1   | HP: 22/100 [komodo dragon (8)]
  9563 | Lair:1   | Identified a +0 quarterstaff
  9563 | Lair:1   | Identified a +0 hunting sling
  9563 | Lair:1   | Identified a +3 ring mail of fire resistance
  9563 | Lair:1   | Noticed Joseph
  9581 | Lair:1   | Killed Joseph
  9605 | Lair:1   | Identified a ring of intelligence (You found it on level 10
                  | of the Dungeon)
 10218 | Lair:2   | Identified a +0 battleaxe
 10219 | Lair:2   | Identified a +0 hand axe
 10223 | Lair:2   | Identified a +0 long sword
 10223 | Lair:2   | Identified a +2 robe of positive energy
 10226 | Lair:2   | Identified a +0 battleaxe
 10226 | Lair:2   | Identified a +0 flail
 10226 | Lair:2   | Identified a +0 trident
 10226 | Lair:2   | Identified a +0 robe
 10237 | Lair:2   | Noticed a four-headed hydra
 10253 | Lair:2   | Killed a one-headed hydra
 10253 | Lair:2   | Reached skill level 9 in Shields
 10258 | Lair:2   | Reached skill level 9 in Armour
 10280 | Lair:2   | Found a staircase to the Snake Pit.
 10444 | Lair:2   | Found a gate leading to a gauntlet.
 10453 | Gauntlet | Entered a Gauntlet
 10453 | Gauntlet | Found a large runed translucent door.
 10453 | Gauntlet | Found a large runed translucent door.
 10453 | Gauntlet | Found a large runed translucent door.
 10453 | Gauntlet | Found a large runed translucent door.
 10453 | Gauntlet | Found a runed translucent door.
 10453 | Gauntlet | Found a large runed translucent door.
 10453 | Gauntlet | Found a large runed translucent door.
 10453 | Gauntlet | Found a transporter.
 10453 | Gauntlet | Found a transporter.
 10453 | Gauntlet | Found a large runed translucent door.
 10453 | Gauntlet | Found a large runed translucent door.
 10453 | Gauntlet | Found a runed translucent gate.
 10453 | Gauntlet | Found a runed translucent gate.
 10453 | Gauntlet | Found a transporter.
 10454 | Gauntlet | Found a transporter.
 10457 | Gauntlet | Found a transporter.
 10457 | Gauntlet | Found a transporter.
 10466 | Gauntlet | Noticed a white ugly thing
 10468 | Gauntlet | Noticed a green ugly thing
 10469 | Gauntlet | Noticed a glowing orange brain
 10473 | Gauntlet | Noticed a great orb of eyes
 10474 | Gauntlet | Found a transporter.
 10478 | Gauntlet | Found a transporter.
 10482 | Gauntlet | Found a transporter.
 10482 | Gauntlet | Found a transporter.
 10487 | Gauntlet | Noticed a death scarab
 10487 | Gauntlet | Noticed a death scarab
 10490 | Gauntlet | Found a transporter.
 10517 | Gauntlet | Noticed a brown ugly thing
 10534 | Gauntlet | Found a runed translucent gate.
 10535 | Gauntlet | Found a large runed translucent door.
 10535 | Gauntlet | Found a large runed translucent door.
 10537 | Gauntlet | Found a large runed translucent door.
 10538 | Gauntlet | Found a large runed translucent door.
 10541 | Gauntlet | Found a large runed translucent door.
 10541 | Gauntlet | Found a large runed translucent door.
 10541 | Gauntlet | Found a runed translucent door.
 10542 | Gauntlet | Found a large runed translucent door.
 10543 | Gauntlet | Found a large runed translucent door.
 10588 | Gauntlet | Noticed a glowing orange brain
 10612 | Gauntlet | Found a transporter.
 10674 | Gauntlet | Identified 2 potions of flight
 10675 | Gauntlet | Identified 2 scrolls of vulnerability
 10676 | Gauntlet | Identified 2 scrolls of random uselessness
 10677 | Gauntlet | Identified a potion of invisibility
 10678 | Gauntlet | Identified a potion of ambrosia
 10700 | Gauntlet | Got a crude war axe
 10701 | Gauntlet | Identified the +5 war axe of Kindness {protect, MR+} (You
                  | found it in a Gauntlet)
 10723 | Gauntlet | Identified a +0 giant club
 10739 | Gauntlet | Killed a white ugly thing
 10739 | Gauntlet | Reached skill level 12 in Invocations
 10744 | Gauntlet | Killed a white ugly thing
 10761 | Gauntlet | Identified a +0 demon trident of freezing
 10770 | Gauntlet | Killed a glowing orange brain
 10770 | Gauntlet | Reached skill level 12 in Axes
 10770 | Gauntlet | Reached XP level 12. HP: 60/110 MP: 13/13
 10771 | Gauntlet | Noticed a death scarab
 10771 | Gauntlet | Noticed a death scarab
 10771 | Gauntlet | Noticed a death scarab
 10771 | Gauntlet | Noticed a death scarab
 10771 | Gauntlet | Noticed a death scarab
 10771 | Gauntlet | Noticed a death scarab
 10771 | Gauntlet | HP: 26/110 [death scarab[a glowing orange brain] (21)]
 10772 | Gauntlet | HP: 3/110 [death scarab[a glowing orange brain] (11)]
 10772 | Gauntlet | Slain by a death scarab

Table legend:
 A = Turns spent in this place as a percentage of turns spent in the entire game.
 B = Non-inter-level travel turns spent in this place as a percentage of non-inter-level travel turns spent in the entire game.
 C = Inter-level travel turns spent in this place as a percentage of turns spent in this place.
 D = Turns resting spent in this place as a percentage of non-inter-level travel turns spent in this place.
 E = Turns spent auto-exploring this place as a percentage of non-inter-level travel turns spent in this place.
 F = Non-inter-level travel turns spent in this place divided by the number of levels of this place that you've seen.
                   A       B       C       D       E      F
               +-------+-------+-------+-------+-------+----------------------
         Total | 100.0 | 100.0 |   5.7 |   0.1 |  68.5 | 676.9
       Dungeon |  83.0 |  82.8 |   6.0 |   0.1 |  71.7 | 840.8
        Temple |   1.4 |   1.4 |   5.3 |   0.0 |  99.3 | 143.0
          Lair |  10.9 |  10.8 |   6.5 |   0.0 |  54.1 | 549.5
         Sewer |   1.7 |   1.8 |   0.0 |   0.0 |  45.7 | 184.0
      Gauntlet |   3.0 |   3.1 |   0.0 |   0.0 |  33.5 | 319.0
               +-------+-------+-------+-------+-------+----------------------

Table legend:
 A = Kills in this place as a percentage of kills in entire the game.
 B = Kills by you in this place as a percentage of kills by you in the entire game.
 C = Kills by friends in this place as a percentage of kills by friends in the entire game.
 D = Other kills in this place as a percentage of other kills in the entire game.
 E = Experience gained in this place as a percentage of experience gained in the entire game.
 F = Experience gained in this place divided by the number of levels of this place that you have seen.
                   A       B       C       D       E      F
               +-------+-------+-------+-------+-------+----------------------
         Total | 100.0 | 100.0 | 100.0 |   N/A | 100.0 | 1498.3
       Dungeon |  86.6 |  87.3 |   0.0 |   N/A |  61.2 | 1375.1
          Lair |   8.7 |   8.0 | 100.0 |   N/A |  29.0 | 3257.0
         Sewer |   2.2 |   2.2 |   0.0 |   N/A |   0.6 | 133.0
      Gauntlet |   2.5 |   2.5 |   0.0 |   N/A |   9.2 | 2076.0
               +-------+-------+-------+-------+-------+----------------------

Skill      XL: |  1  2  3  4  5  6  7  8  9 10 11 |
---------------+----------------------------------+-----
Axes           | 3 4 5 6 7 9 10 12 | 12.0
Fighting       | 3 4 5 6 7 |  7.7
Shields        | 4 5 6 7 8 9 |  9.2
Armour         | 4 5 6 7 8 9 |  9.2
Invocations    | 2 5 7 10 12 | 12.1

Action                   |  1- 3 |  4- 6 |  7- 9 | 10-12 || total
-------------------------+-------+-------+-------+-------++-------
Melee: War axe           |   158 |   125 |   441 |   546 ||  1270
       Peck              |       |       |    44 |   110 ||   154
Throw: Stone             |    21 |     5 |       |       ||    26
       Dart              |       |    20 |    38 |    10 ||    68
       Boomerang         |       |       |    48 |    15 ||    63
Invok: Lesser Servant of |       |       |       |     2 ||     2
 Abil: Heal Wounds       |       |     4 |    13 |     8 ||    25
Evoke: Phantom mirror    |       |       |     1 |       ||     1
       Wand              |       |       |       |     8 ||     8
  Use: Scroll            |       |     3 |    12 |    14 ||    29
       Potion            |       |       |     4 |     3 ||     7
 Stab: Invisible         |       |     2 |     2 |     3 ||     7
       Distracted        |       |       |       |     1 ||     1
  Eat: Ration            |     1 |       |     1 |     1 ||     3
       Chunk             |       |     5 |    12 |     9 ||    26
Armor: Chain mail        |   112 |    62 |    91 |       ||   265
       Scale mail        |     1 |       |       |       ||     1
       Plate armour      |       |       |   158 |   292 ||   450
Dodge: Dodged            |    47 |    26 |    77 |   102 ||   252
Block: Kite shield       |   107 |    65 |   225 |   228 ||   625

Vanquished Creatures
  Josephine (D:10)
  2 hydras
  Erica (D:10)
  A glowing orange brain (Gauntlet)
  2 ugly things (Gauntlet)
  A black mamba (Lair:2)
  A gargoyle (D:10)
  Maggie (D:8)
  2 spiny frogs (Lair:1)
  A komodo dragon (Lair:1)
  3 hornets
  2 trolls (D:10)
  A hippogriff (D:10)
  A centaur simulacrum (Gauntlet)
  3 wraiths (D:10)
  A basilisk (Lair:1)
  A hungry ghost (D:9)
  2 wargs (D:10)
  2 soldier ants (D:8)
  6 nagas (Lair:2)
  2 water moccasins
  2 porcupines (Lair:1)
  An eye of draining (D:10)
  6 orc warriors
  3 sky beasts
  4 ice beasts
  A black bear (D:8)
  Purgy (Sewer)
  2 phantoms (D:9)
  2 necrophages
  5 ogres
  2 crocodiles
  2 centaurs
  5 big kobolds (D:10)
  Blork the orc (D:4)
  3 gnoll sergeants (D:10)
  6 bullfrogs
  4 scorpions
  A hornet simulacrum (Gauntlet)
  11 killer bees
  8 wights
  2 howler monkeys
  An electric eel (Lair:1)
  3 crimson imps
  A centaur zombie (D:5)
  A bullfrog skeleton (D:9)
  A hound (D:7)
  7 orc priests
  A centaur skeleton (D:9)
  A gnoll shaman (D:5)
  2 jellies
  5 orc wizards
  3 iguanas
  7 worker ants
  2 bullfrog simulacra (Gauntlet)
  A hound skeleton (D:6)
  5 gnolls
  A howler monkey skeleton (D:6)
  8 adders
  3 shadow imps
  2 oozes
  An adder zombie (D:5)
  An adder skeleton (D:9)
  2 worms (D:3)
  6 leopard geckos
  34 orcs
  5 giant cockroaches
  5 goblins
  8 hobgoblins
  4 jackals
  3 quokkas
  16 bats
  5 frilled lizards
  14 kobolds
  2 leopard gecko skeletons (D:5)
  A leopard gecko zombie (D:7)
  5 rats
  A plant (Lair:1)
277 creatures vanquished.

Vanquished Creatures (collateral kills)
  A black mamba (Lair:1)
  Joseph (Lair:1)
2 creatures vanquished.

Vanquished Creatures (others)
  A scorpion (D:5)
  A bullfrog skeleton (D:5)
  2 adders (D:5)
  A quokka (D:5)
  2 fungi (D:8)
  2 plants (D:8)
9 creatures vanquished.

Grand Total: 288 creatures vanquished
